 Dungeon Crawl Stone Soup version 0.27-a0-1182-gee19b5822f (webtiles) character file.

Game seed: 13126811641526009378

18 Morbidden the Sneak (level 2, 8/22 HPs)
             Began as a Demonspawn Brigand on May 18, 2021.
             Quit the game on level 1 of the Dungeon.
             The game lasted 00:00:18 (271 turns).

Morbidden the Sneak (Demonspawn Brigand)             Turns: 271, Time: 00:00:18

Health: 8/22       AC:  3    Str: 11    XL:     2   Next: 51%
Magic:  2/2        EV: 11    Int: 12    God:
Gold:   0          SH:  0    Dex: 14    Spells: 1/1 levels left

rFire    . . .     SeeInvis .   a - +2 dagger
rCold    . . .     Faith    .   (no shield)
rNeg     . . .     Spirit   .   b - +0 robe
rPois    .         Reflect  .   (no helmet)
rElec    .         Harm     .   c - +0 cloak
rCorr    .         Rampage  .   (no gloves)
Will     .....                  (no boots)
Stlth    +++.......             (no amulet)
HPRegen  0.07/turn              (no ring)
MPRegen  0.08/turn              (no ring)

@: no status effects
A: demonic guardian 1
a: no special abilities


You were on level 1 of the Dungeon.
You visited 1 branch of the dungeon, and saw 1 of its levels.

Inventory:

Hand Weapons
 a - a +2 dagger (weapon)
Missiles
 d - 8 poisoned darts (quivered)
 e - 2 curare-tipped darts
Armour
 b - a +0 robe (worn)
 c - a +0 cloak (worn)


   Skills:
 + Level 2.1 Fighting
 + Level 1.8 Short Blades
 + Level 1.7 Throwing
 + Level 1.0 Dodging
 + Level 4.3 Stealth


You had one spell level left.
You didn't know any spells.
Your spell library was empty.

Dungeon Overview and Level Annotations

Branches:
Dungeon (1/15)

Altars:


Innate Abilities, Weirdness & Mutations

A weak demonic guardian rushes to your aid.


Message History

The dart slug is almost dead.
The dart slug closely misses you.
You hit the dart slug.
You kill the dart slug!
The giant cockroach bites you but does no damage.
Your Dodging skill increases to level 1!
You closely miss the giant cockroach. The giant cockroach closely misses you.
You hit the giant cockroach.
The giant cockroach is severely wounded.
The giant cockroach misses you.
You hit the giant cockroach.
You kill the giant cockroach!
You hit the jackal.
The jackal is severely wounded.
The jackal bites you but does no damage.
You closely miss the jackal.
The jackal is severely wounded.
The jackal closely misses you.
You closely miss the jackal.
The jackal is severely wounded.
The jackal bites you.
* * * LOW HITPOINT WARNING * * *
A demonic guardian appears!
The jackal bites you.
* * * LOW HITPOINT WARNING * * *
You hit the jackal.
You kill the jackal!
You see here a rat corpse.
Unknown command.
Your shadow imp disappears in a puff of smoke!
A bat is nearby!
A bat is nearby!
You are too injured to fight recklessly!
A bat is nearby!
You are too injured to fight recklessly!
You are too injured to fight recklessly!
There is an open door here.
You are too injured to fight recklessly!
You are too injured to fight recklessly!
You are too injured to fight recklessly!
Are you sure you want to abandon this character and quit the game? (Confirm with "yes".)

....≈≈≈≈≈≈≈.)
#...≈..≈≈≈..≈. ##+#
#####8..≈....≈....≈ #...#
...#.....#..≈..#.. .....#
.......####...####
8...8.# ....#######.#####
.....#.##...#.#...>......
8...8...#...#.#..###.....
..$!....@..##...## #.....
8...8...#..###..# #.....
.....#.###.††...# ######
8...8.# #####.## .....#
#.# #...# #.. ##+# ####


There were no monsters in sight!

Vanquished Creatures
  A dart slug (D:1)
  A ball python (D:1)
  A giant cockroach (D:1)
  A hobgoblin (D:1)
  6 jackals (D:1)
  2 bats (D:1)
  2 rats (D:1)
14 creatures vanquished.

Notes
Turn   | Place    | Note
-------+----------+-------------------------------------------
     0 | D:1      | Morbidden the Demonspawn Brigand began the quest for the
                  | Orb.
     0 | D:1      | Reached XP level 1. HP: 16/16 MP: 1/1
    28 | D:1      | Reached skill level 4 in Stealth
   184 | D:1      | Gained mutation: A weak demonic guardian rushes to your
                  | aid. [demonic ancestry]
   184 | D:1      | Reached XP level 2. HP: 18/22 MP: 2/2
   197 | D:1      | Reached skill level 1 in Dodging
   271 | D:1      | Quit the game

Illustrated notes

Levels and vault maps discovered:
D:1:      eino_arrival_water_star, layout_loops_cross, serial_shops, shop,
          dk_noncrumbling_3

Skill      XL: |  1  2 |
---------------+-------+-----
Stealth        | 4 |  4.3
Dodging        | 1 |  1.0
Fighting       | |  2.1
Short Blades   | |  1.8
Throwing       | |  1.7

Action                   || total
-------------------------++-------
Melee: Dagger            ||    41
Armor: Robe              ||    17
Dodge: Dodged            ||    30

Table legend: (Time is in decaauts)
 A = Elapsed time spent in this place.
 B = Non-inter-level travel time spent in this place.
 C = Inter-level travel time spent in this place.
 D = Time resting spent in this place.
 E = Time spent auto-exploring this place.
 F = Levels seen in this place.
 G = Mean time per level.
                   A        B        C        D        E       F      G
               +--------+--------+--------+--------+--------+-----+--------+
         Total |    268 |    268 |      0 |      0 |    204 |   1 |  268.0 |
       Dungeon |    268 |    268 |      0 |      0 |    204 |   1 |  268.0 |
               +--------+--------+--------+--------+--------+-----+--------+

Top non-repeatable levels by time:
     D:1: 268 daAuts
